 Dungeon Crawl Stone Soup version 0.30.0-19-g36f170ea60 (webtiles) character file.

Game seed: 13694510800576650037

440 MacCMillion the Grave Robber (level 6, 0/41 HPs)
             Began as a Mummy Necromancer on May 26, 2023.
             Slain by an ufetubus (2 damage)
             ... on level 4 of the Dungeon.
             The game lasted 00:06:23 (3762 turns).

MacCMillion the Grave Robber (Mummy Necromancer)    Turns: 3762, Time: 00:06:23

Health: 0/41       AC:  2    Str: 12    XL:     6   Next: 70%
Magic:  13/13      EV: 12    Int: 16    God:
Gold:   215        SH:  0    Dex: 12    Spells: 7/15 levels left

rFire   x . .        o - staff of death
rCold   + . .        (no shield)
rNeg    + + +        a - +0 robe
rPois   ∞            (no helmet)
rElec   .            (no cloak)
rCorr   .            (no gloves)
SInv    .            (no boots)
Will    .....        (no amulet)
Stlth   ++           (no ring)
HPRegen 0.26/turn    (no ring)
MPRegen 0.13/turn

%: faith
@: no status effects
A: cold resistance 1, negative energy resistance 3, torment resistance 2, heat
vulnerability 1, in touch with death 1, no potions, faith
a: no special abilities


You were on level 4 of the Dungeon.
You visited 1 branch of the dungeon, and saw 4 of its levels.

You collected 215 gold pieces.

Inventory:

Hand Weapons
 c - a +0 hand axe
 j - a +0 dagger
 m - a +3 dagger
Armour
 a - a +0 robe (worn)
Magical Staves
 o - a staff of death (weapon)
Wands
 l - a wand of flame (23)
Scrolls
 d - 2 scrolls of fog
 e - 2 scrolls of acquirement
 f - 7 scrolls of identify {unknown}
 g - a scroll of vulnerability {unknown}
 h - a scroll of fear {unknown}
 i - a scroll of brand weapon {unknown}
 k - a scroll of teleportation {unknown}
 n - a scroll of enchant armour {unknown}


   Skills:
 - Level 1.5 Dodging
 - Level 1.5 Stealth
 - Level 5.0 Spellcasting
 + Level 7.3 Necromancy


You had 7 spell levels left.
You knew the following spells:

 Your Spells              Type           Power      Damage    Failure   Level
a - Necrotise             Necr           100%       1d9       1%          1
b - Vampiric Draining     Necr           58%        2d10      2%          3
c - Animate Dead          Necr           58%        N/A       8%          4

Your spell library contained the following spells:

 Spells                   Type           Power      Damage    Failure   Level
 Magic Dart               Conj           16%        1d3       16%         1
 Agony                    Necr           58%        N/A       21%         5
 Call Imp                 Summ           8%         N/A       22%         2
 Mephitic Cloud           Conj/Pois/Air  4%         N/A       41%         3
 Portal Projectile        Hex/Tloc       8%         N/A       41%         3
 Tukima's Dance           Hex            4%         N/A       41%         3
 Blade Hands              Tmut           Unusable   N/A       N/A         5

Dungeon Overview and Level Annotations

Branches:
Dungeon (4/15)
 Temple: D:4-7

Altars:
Nemelex Xobeh

Shops:
D:3 =

Annotations:
D:3 4 runed translucent doors, Crazy Yiuf; chipmonk's ghost, amateur AtFi; mmBingo's ghost, amateur DsMo; ripuliukko's ghost, amateur DEEE
D:4 2 runed translucent doors


Innate Abilities, Weirdness & Mutations

You are immune to poison.
Your flesh is cold resistant. (rC+)
You are immune to negative energy. (rN+++)
You are immune to unholy pain and torment.
You are vulnerable to heat. (rF-)
You are in touch with the powers of death.
You do not drink.
You have a special connection with the divine. (Faith)


Message History

The ufetubus closely misses you. The ufetubus hits you.
The ufetubus barely misses you.
You hit the ufetubus.
The ufetubus is moderately wounded.
The ufetubus hits you. The ufetubus barely misses you. The ufetubus hits you.
* * * LOW HITPOINT WARNING * * *
The ufetubus closely misses you.
You closely miss the ufetubus.
The ufetubus is lightly wounded.
The ufetubus hits you but does no damage.
The ufetubus closely misses you.
Casting: Necrotise (safe; 1% risk of failure)
Confirm with . or Enter, or press ? or * to list all spells.
You can't see any susceptible monsters within range! (Use Z to cast anyway.) Unknown command.
You miss the ufetubus.
The ufetubus is lightly wounded.
The ufetubus hits you.
* * * LOW HITPOINT WARNING * * *
The ufetubus hits you but does no damage.
The ufetubus closely misses you. The ufetubus hits you.
* * * LOW HITPOINT WARNING * * *
You hit the ufetubus but do no damage.
The ufetubus is lightly wounded.
The ufetubus closely misses you. The ufetubus hits you.
* * * LOW HITPOINT WARNING * * *
The ufetubus misses you. The ufetubus barely misses you.
As you read the scroll labelled ATAORU VOKHLA, it crumbles to dust.
The scroll dissolves into smoke.
It was a scroll of fog.
The ufetubus hits you.
* * * LOW HITPOINT WARNING * * *
The ufetubus barely misses you.
This is a scroll of acquirement!
Something appears at your feet! The ufetubus barely misses you.
The ufetubus hits you but does no damage.
The ufetubus barely misses you. The ufetubus completely misses you.
Unknown command.
As you read the scroll labelled FIUSALAM LEENYUV, it crumbles to dust.
You hear a loud clanging noise!
It was a scroll of noise.
The ufetubus hits you.
You die...

#....#
#....#
≈..~$~
##.#.#
#++####
#.#.#
.......
#...#
.......
#.#.# .....
#...### ...
##...§####.#
####§§@5JJ#
########


You could see a jelly and an ufetubus.

Vanquished Creatures
  3 scorpions
  An orc priest (D:3)
  A hound (D:4)
  2 orc wizards (D:3)
  8 adders
  4 dart slugs
  8 orcs (D:3)
  7 ball pythons
  5 endoplasms
  3 giant cockroaches
  7 goblins
  3 hobgoblins
  2 jackals (D:3)
  2 quokkas
  5 bats
  4 frilled lizards
  4 kobolds
  4 rats (D:1)
73 creatures vanquished.

Vanquished Creatures (collateral kills)
  2 orcs (D:3)
2 creatures vanquished.

Grand Total: 75 creatures vanquished

Notes
Turn   | Place    | Note
-------+----------+-------------------------------------------
     0 | D:1      | MacCMillion the Mummy Necromancer began the quest for the
                  | Orb.
     0 | D:1      | Reached XP level 1. HP: 13/13 MP: 4/4
   173 | D:1      | Reached XP level 2. HP: 19/19 MP: 1/6
  1451 | D:2      | Gained mutation: You are in touch with the powers of death.
                  | [Mummy growth]
  1451 | D:2      | Reached XP level 3. HP: 24/24 MP: 4/8
  2247 | D:3      | Found Vurole's Jewellery Boutique.
  2251 | D:3      | Reached XP level 4. HP: 30/30 MP: 5/10
  2313 | D:3      | Noticed a scorpion
  2322 | D:3      | Killed a scorpion
  2323 | D:3      | Reached skill level 5 in Necromancy
  2356 | D:3      | Learned a level 3 spell: Vampiric Draining
  2361 | D:3      | Learned a level 4 spell: Animate Dead
  2376 | D:3      | Found a runed translucent door.
  2377 | D:3      | Noticed Crazy Yiuf
  2582 | D:3      | Reached XP level 5. HP: 35/35 MP: 9/12
  2652 | D:3      | Reached skill level 5 in Spellcasting
  2877 | D:3      | Reached skill level 6 in Necromancy
  3085 | D:3      | Found a runed translucent gate.
  3086 | D:3      | Found a runed translucent gate.
  3088 | D:3      | Found a runed translucent gate.
  3089 | D:3      | Noticed chipmonk's ghost (amateur AtFi)
  3089 | D:3      | Noticed ripuliukko's ghost (amateur DEEE)
  3089 | D:3      | Noticed mmBingo's ghost (amateur DsMo)
  3335 | D:4      | Reached XP level 6. HP: 41/41 MP: 8/13
  3491 | D:4      | Found a sparkling altar of Nemelex Xobeh.
  3535 | D:4      | Reached skill level 7 in Necromancy
  3747 | D:4      | Found a large runed translucent door.
  3747 | D:4      | Found a large runed translucent door.
  3759 | D:4      | HP: 2/41 [ufetubus (5)]
  3761 | D:4      | Identified 3 scrolls of acquirement
  3761 | D:4      | Acquired a +4 vampiric lajatang
  3762 | D:4      | Slain by an ufetubus

Illustrated notes

Levels and vault maps discovered:
D:1:      eino_arrival_tree_alley, layout_loops_ring,
          minmay_misc_feat_four_crosses, minivault_14, st_stairs_8
D:2:      layout_basic, grunt_decor_cap
D:3:      layout_basic, gammafunk_ghost_cemetery, serial_shops, shop,
          grunt_decor_resistance, uniq_crazy_yiuf_cottage
D:4:      layout_rooms, minitemple, ebering_ghost_disaster_area,
          minmay_misc_feat_chi, uniq_edmund

Skill      XL: |  1  2  3  4  5  6 |
---------------+-------------------+-----
Spellcasting   | 3 4 5 |  5.0
Necromancy     | 5 6 7 |  7.3
Dodging        | |  1.5
Stealth        | |  1.5

Action                     |  1- 3 |  4- 6 || total
---------------------------+-------+-------++-------
  Melee: Hand axe          |     2 |       ||     2
         Dagger            |       |     5 ||     5
         Staff             |       |     9 ||     9
   Cast: Necrotise         |    58 |    85 ||   143
         Vampiric Draining |       |     1 ||     1
    Use: Scroll            |       |     3 ||     3
   Stab: Distracted        |     1 |       ||     1
 Armour: Robe              |     5 |     8 ||    13
  Dodge: Dodged            |     5 |    37 ||    42
